Map: Fracture LE

Players

llllllllllll - Winner!

  • Race: Terran Terran
  • League: Master
  • Spawn Location: 5:00

Maya

  • Race: Zerg Zerg
  • League: Diamond
  • Spawn Location: 11:00

VOD

Have the link to the VOD?

Description

Time

  • Played on: Oct. 5, 2018, 9:47 a.m.
  • Length: 14:11
Show
View Real Time Build Order
Export as new Build Order

llllllllllll Terran - Winner!

Build Orders: Bio Tank 

Get SALT Encoding   

  12  0:00  SCV  
  13  0:13  SCV  
  14  0:18  Supply Depot  
  14  0:25  SCV  
  15  0:29  Refinery  
  15  0:42  Barracks  
  15  0:55  Barracks  
  15  0:59  SCV  
  16  1:11  SCV  
  17  1:28  Orbital Command  
  17  1:30  Reaper  
  18  1:41  Reaper  
  18  1:46  Supply Depot  
  19  1:55  SCV  
  20  2:08  SCV  
  21  2:09  Reaper  
  21  2:13  Reaper  
  23  2:20  Command Center  
  23  2:32  SCV  
  24  2:42  Reaper  
  26  2:44  SCV  
  26  2:46  Reaper  
  27  2:56  SCV  
  27  2:58  Supply Depot  
  27  3:14  Refinery, Reaper, Command Center  
  28  3:21  Reaper  
  28  3:22  SCV  
  29  3:42  SCV  
  29  3:43  Orbital Command  
  29  3:46  Reaper  
  31  3:54  SCV  
  31  3:59  Barracks Tech Lab  
  31  4:06  SCV  
  32  4:10  SCV, Factory  
  32  4:15  Refinery  
  33  4:17  Refinery  
  33  4:18  Marine  
  33  4:21  Stimpack  
  33  4:22  SCV  
  33  4:23  SCV  
  36  4:25  Marine  
  36  4:31  Orbital Command  
  37  4:34  Engineering Bay  
  37  4:35  SCV  
  37  4:36  Engineering Bay  
  38  4:41  SCV  
  38  4:43  Marine  
  38  4:44  Marine  
  41  4:47  SCV  
  42  4:54  SCV  
  42  4:58  Factory Tech Lab  
  42  4:59  SCV  
  44  5:00  Starport  
  44  5:03  Terran Infantry Weapons Level 1  
  44  5:07  Terran Infantry Armor Level 1  
  44  5:09  SCV  
  44  5:10  SCV  
  44  5:14  Marine  
  47  5:16  SCV  
  49  5:22  Siege Tank  
  49  5:24  Barracks Reactor  
  49  5:27  SCV x2  
  53  5:31  SCV  
  53  5:33  Barracks  
  53  5:34  Marine  
  55  5:38  Viking  
  57  5:44  SCV  
  57  5:47  Barracks  
  57  5:48  Orbital Command, SCV  
  59  5:55  Supply Depot, Marine  
  59  5:56  Supply Depot, SCV  
  61  6:00  Siege Tank  
  61  6:02  SCV  
  65  6:08  Supply Depot  
  65  6:10  SCV  
  66  6:14  SCV  
  66  6:15  SCV  
  66  6:16  Marine x2  
  66  6:17  Starport Reactor  
  70  6:22  SCV, Barracks Reactor  
  71  6:26  Armory  
  71  6:28  SCV x2  
  73  6:35  Barracks Reactor  
  73  6:36  Marine x2  
  73  6:37  Marine  
  73  6:38  SCV  
  73  6:39  Supply Depot  
  77  6:42  Supply Depot  
  77  6:43  Combat Shield  
  77  6:46  SCV  
  78  6:47  SCV  
  78  6:52  Siege Tank  
  78  6:53  SCV  
  83  6:54  Marine  
  83  6:58  Medivac x2  
  83  6:59  Marine x2  
  83  7:01  SCV x2  
  91  7:06  Supply Depot  
  92  7:13  Marine x2  
  92  7:14  Marine x3  
  97  7:16  SCV x2  
  99  7:23  SCV  
  99  7:28  SCV, Terran Infantry Weapons Level 2  
  101  7:33  Supply Depot, SCV  
  101  7:35  SCV, Command Center  
  103  7:38  Terran Infantry Armor Level 2  
  103  7:46  Marine  
  103  7:47  Marine x6  
  103  7:49  SCV x2  
  109  8:04  Marine x2  
  109  8:05  Marine  
  108  8:22  SCV x2  
  108  8:25  Marine x3  
  105  8:27  Marine x3  
  105  8:28  Siege Tank, Medivac x2  
  105  8:31  SCV  
  114  8:34  SCV  
  114  8:40  Marine  
  104  8:42  Marine  
  104  8:43  Marine x2  
  104  8:45  Marine x2  
  104  8:48  Liberator x2  
  96  8:53  Marine  
  96  8:55  SCV x3  
  95  8:58  Marine  
  95  9:01  Factory  
  97  9:04  Siege Tank, Marine x2  
  108  9:11  Marine x2  
  108  9:12  Refinery x2, Marine  
  108  9:13  SCV x2, Factory  
  113  9:17  Marine x2  
  115  9:36  Liberator, Marine x3  
  115  9:37  Siege Tank, Marine  
  113  9:47  Factory Tech Lab  
  113  9:52  Marine x3  
  118  10:04  Starport  
  118  10:07  Planetary Fortress  
  118  10:11  Supply Depot  
  118  10:32  Marine x5  
  118  10:33  SCV  
  124  10:39  SCV  
  124  10:40  Marine  
  124  10:41  Marine  
  122  10:43  Siege Tank  
  122  10:47  Siege Tank, Terran Infantry Armor Level 3, Terran Infantry Weapons Level 3  
  123  10:50  SCV  
  123  10:57  Factory Tech Lab  
  124  10:59  Supply Depot x2  
  124  11:00  Supply Depot  
  124  11:03  Fusion Core  
  124  11:05  Liberator x2, Command Center  
  124  11:09  Starport Tech Lab  
  124  11:13  Supply Depot  
  124  11:14  Supply Depot  
  124  11:18  Liberator  
  124  11:20  SCV x2, Marine x6  
  124  11:21  Siege Tank x2, Marine  
  139  11:32  Siege Tank  
  138  11:38  Marine x3  
  139  11:40  Marine x3  
  142  11:47  Liberator  
  142  11:53  Liberator  
  142  11:55  Siege Tank x2  
  148  12:03  Refinery, Marine x6  
  148  12:04  Refinery  
  157  12:09  Siege Tank  
  157  12:15  Advanced Ballistics  
  163  12:30  Marine  
  163  12:31  Siege Tank x2, Marine  
  171  12:40  Marine x4  
  171  12:41  Marine  
  164  12:51  Liberator x2  
  161  13:02  Marine x5  
  161  13:03  Siege Tank, Marine x2  
  161  13:05  Siege Tank  
  130  13:20  Marine x6  
  127  13:34  Marine  
  127  13:35  Siege Tank  
  127  13:37  Marine x2  
  127  13:38  Siege Tank x2  
  137  13:42  SCV x3  
  137  13:47  Marine x3  
Show
View Real Time Build Order
Export as new Build Order

Maya Zerg 

Build Orders: Hatch First 

Get SALT Encoding   

  12  0:00  Drone  
  13  0:14  Overlord  
  13  0:17  Drone  
  14  0:32  Drone x2  
  16  0:36  Drone  
  17  0:52  Hatchery  
  17  0:54  Drone  
  17  0:59  Drone  
  18  1:10  Extractor  
  17  1:14  Spawning Pool  
  17  1:15  Drone  
  17  1:19  Drone  
  18  1:30  Drone  
  19  1:45  Overlord  
  19  1:52  Drone  
  20  2:03  Queen  
  20  2:04  Zergling x2  
  20  2:05  Queen  
  20  2:07  Zergling x2  
  26  2:11  Metabolic Boost  
  26  2:14  Drone  
  27  2:16  Drone  
  28  2:23  Drone  
  29  2:36  Zergling x2  
  29  2:37  Hatchery  
  29  2:42  Zergling x2  
  29  2:43  Zergling x2  
  29  2:48  Zergling x2  
  29  2:49  Zergling x2  
  31  2:52  Queen  
  32  3:07  Queen  
  32  3:08  Overlord  
  34  3:20  Overlord  
  34  3:22  Drone  
  35  3:32  Drone x5  
  35  3:33  Drone x3  
  42  3:36  Zergling x2  
  42  3:41  Queen  
  42  3:44  Zergling x2  
  46  3:48  Drone  
  46  3:50  Queen  
  46  3:54  Zergling x2  
  46  3:55  Zergling x2  
  48  4:03  Drone x2  
  48  4:08  Drone x2  
  52  4:11  Drone  
  52  4:14  Drone x3  
  56  4:21  Drone x2  
  56  4:22  Overlord  
  56  4:23  Overlord  
  56  4:24  Overlord  
  58  4:34  Extractor, Evolution Chamber  
  58  4:36  Evolution Chamber  
  58  4:37  Queen  
  57  4:39  Drone  
  57  4:41  Overlord x2  
  57  4:43  Drone x2  
  60  4:49  Drone x2  
  60  4:50  Drone x2  
  60  4:52  Drone  
  65  4:58  Drone x2  
  67  5:02  Drone x3  
  67  5:03  Overlord  
  70  5:08  Zerg Ground Armor Level 1  
  70  5:11  Drone x3  
  70  5:12  Drone  
  74  5:18  Extractor, Drone x4  
  74  5:19  Drone  
  78  5:26  Drone x2  
  78  5:27  Zerg Melee Weapons Level 1  
  80  5:29  Zergling x2  
  80  5:33  Zergling x8  
  85  5:37  Drone  
  85  5:38  Zergling x4  
  85  5:39  Baneling Nest  
  85  5:41  Drone  
  88  5:44  Extractor, Zergling x4  
  89  5:53  Zergling x8  
  93  5:58  Hatchery  
  93  6:00  Overlord x2  
  93  6:03  Drone  
  93  6:04  Drone x2  
  95  6:05  Lair  
  95  6:11  Zergling x4  
  95  6:12  Zergling x2  
  95  6:13  Overlord x2  
  95  6:14  Overlord  
  97  6:20  Extractor  
  97  6:22  Zergling x8  
  97  6:24  Overlord  
  100  6:30  Overlord x2  
  100  6:33  Baneling x4  
  100  6:34  Baneling  
  100  6:36  Zergling x6  
  100  6:37  Zergling x2  
  104  6:46  Drone x2  
  104  6:47  Drone x2  
  108  6:57  Spore Crawler  
  108  6:59  Spore Crawler  
  106  7:18  Centrifical Hooks  
  106  7:19  Zerg Ground Armor Level 2, Hydralisk Den  
  106  7:20  Zergling x12  
  106  7:21  Zergling x24, Zerg Melee Weapons Level 2  
  123  7:23  Drone  
  123  7:24  Drone  
  123  7:26  Overlord  
  125  7:35  Extractor, Hatchery, Overseer  
  125  7:36  Overseer  
  123  7:39  Drone x3  
  123  7:40  Drone  
  127  7:49  Pneumatized Carapace  
  127  7:50  Hydralisk, Grooved Spines  
  127  7:51  Hydralisk x5  
  136  8:01  Zergling x10  
  136  8:03  Baneling x3  
  136  8:04  Baneling x4  
  129  8:14  Baneling x5  
  129  8:16  Baneling  
  129  8:17  Zergling x8  
  129  8:18  Zergling x16  
  126  8:38  Zergling x6, Hydralisk x4  
  126  8:39  Zergling x2  
  122  8:41  Baneling  
  122  8:42  Baneling x4  
  122  8:44  Zergling x2  
  110  8:51  Queen  
  110  8:54  Zergling x2, Hydralisk x2  
  110  8:55  Zergling x4  
  118  8:58  Zergling x6  
  118  8:59  Zergling x2  
  121  9:08  Baneling x2  
  121  9:09  Zergling x6  
  125  9:10  Zergling x4  
  125  9:13  Hatchery  
  125  9:14  Hydralisk  
  125  9:15  Muscular Augments  
  127  9:20  Zergling x16  
  127  9:37  Hydralisk  
  127  9:38  Zergling x8, Hydralisk x2  
  124  9:45  Zergling x4, Hydralisk x4  
  127  9:46  Zergling x2  
  135  9:54  Zerg Missile Weapons Level 1, Infestation Pit  
  135  9:57  Hydralisk x3  
  135  9:58  Zergling x10  
  141  10:03  Hydralisk x2  
  141  10:08  Hydralisk x2  
  141  10:09  Hydralisk x2  
  149  10:16  Drone  
  149  10:17  Drone x6  
  154  10:41  Zergling x4, Hydralisk x5  
  154  10:42  Hydralisk x2, Extractor, Zergling x12  
  169  10:45  Baneling  
  169  10:48  Baneling  
  169  10:49  Baneling x8  
  166  10:56  Hive  
  166  11:01  Extractor  
  165  11:04  Spore Crawler  
  164  11:12  Spore Crawler  
  164  11:14  Zergling x2  
  164  11:15  Overlord, Zergling x8  
  164  11:16  Overlord x2  
  168  11:18  Drone  
  168  11:19  Drone x4  
  167  11:38  Drone  
  167  11:39  Drone x4  
  170  12:00  Extractor  
  170  12:01  Overlord  
  169  12:02  Spine Crawler  
  169  12:03  Spine Crawler, Drone x4  
  169  12:04  Spore Crawler  
  170  12:15  Baneling  
  170  12:17  Adrenal Glands  
  170  12:21  Viper x4, Ultralisk Cavern  
  181  12:35  Baneling  
  181  12:36  Baneling x7  
  153  13:00  Hydralisk  
  153  13:01  Zergling x10, Hydralisk x5  
  153  13:02  Zergling x6, Hydralisk x2  
  153  13:04  Zergling x2  
  155  13:13  Ultralisk  
  155  13:18  Hatchery  
Tags
 
Composition
Bio Tank
Matchup
TvZ
Spawn Locations
Cross Positions
Add a new tag
Caveats
  • Supply blocks, unpowered buildings, or Contaminate may cause inaccurate times.
  • Supply counts are checked every 10 seconds.